 Dungeon Crawl Stone Soup version 0.31.0-12-g77e489cdc1 (webtiles) character file.

Game seed: 17760407750583975127

5059 Chiseanne the Protected (level 10, -2/82 HPs)
             Began as a Demonspawn Wanderer on Feb 14, 2024.
             Was an Initiate of Gozag.
             Slain by an orc warrior
             ... wielding a +0 hand axe
              (3 damage)
             ... while paralysed by a hornet
             ... on level 8 of the Dungeon.
             The game lasted 00:15:16 (8051 turns).

Chiseanne the Protected (Demonspawn Wanderer)       Turns: 8051, Time: 00:15:17

Health: -2/82      AC: 20    Str: 19    XL:     10   Next: 31%
Magic:  0/11       EV:  2    Int: 15    God:    Gozag
Gold:   771        SH:  0    Dex: 19    Spells: 11/11 levels left

rFire   . . .        A - +0 hand axe (elec)
rCold   + . .        l - orb {light}
rNeg    . . .        G - +2 chain mail "Ojyob" {^Contam rC+ Dex+5 Stlth+}
rPois   .            F - +1 helmet
rElec   .            t - +0 cloak
rCorr   .            p - +0 pair of gloves
SInv    .            n - +0 pair of boots
Will    .....        (no amulet)
Stlth   +            g - +5 ring of evasion
HPRegen 0.33/turn    x - +6 ring of strength
MPRegen 0.24/turn

%: guardian spirit
@: paralysed, lethally poisoned (-2 -> -15), gold aura, slowed, glowing
A: spiny 2, magic shield, magic regeneration, magic link, sturdy frame 1
a: Renounce Religion, Potion Petition, Call Merchant, Bribe Branch


You were on level 8 of the Dungeon.
You worshipped Gozag.
Gozag was pleased with you.
You visited 2 branches of the dungeon, and saw 9 of its levels.

You collected 897 gold pieces.
You paid 126 gold pieces to Gozag.

Inventory:

Hand Weapons
 v - a +2 flail of protection
 A - a +0 hand axe of electrocution (weapon)
 D - a +0 whip of electrocution
 E - a +4 morningstar
Missiles
 b - 2 curare-tipped darts (quivered)
 m - 6 atropa-tipped darts
 w - 4 darts of dispersal
 B - 13 boomerangs
Armour
 l - an orb of light (worn)
 n - a +0 pair of boots (worn)
 p - a +0 pair of gloves (worn)
 t - a +0 cloak (worn)
 F - a +1 helmet (worn)
 G - the +2 chain mail "Ojyob" (worn) {^Contam rC+ Dex+5 Stlth+}
   (You took it off an orc on level 8 of the Dungeon)

   Dex+5:     It affects your dexterity (+5).
   rC+:       It protects you from cold.
   ^Contam:   It causes magical contamination when unequipped.
   Stlth+:    It makes you more stealthy.
Magical Staves
 a - a staff of earth
 u - a staff of air
Jewellery
 e - a +6 ring of intelligence
 g - a +5 ring of evasion (left hand)
 j - a ring of protection from cold
 x - a +6 ring of strength (right hand)
Talismans
 z - a beast talisman
Wands
 c - a wand of mindburst (18)
 h - a wand of paralysis (5)
 y - a wand of iceblast (6)
Scrolls
 q - a scroll of blinking
 s - a scroll of immolation
Potions
 d - a potion of lignification
 f - 3 potions of curing
 k - a potion of might {unknown}
 o - 2 potions of brilliance
 r - a potion of enlightenment
 C - a potion of mutation


   Skills:
 * Level 8.9 Fighting
 - Level 1.7 Throwing
 * Level 9.3 Armour
 * Level 8.0 Dodging
 - Level 1.0 Stealth
 - Level 1.0 Spellcasting
 - Level 1.0 Fire Magic


You had 11 spell levels left.
You didn't know any spells.
Your spell library contained the following spells:

 Spells                   Type           Power      Damage    Failure   Level
 Foxfire                  Conj/Fire      8%         2x1d4     58%         1
 Inner Flame              Hex/Fire       2%         N/A       92%         3
 Hailstorm                Conj/Ice       0%         3d5       95%         3
 Stone Arrow              Conj/Erth      0%         3d7       95%         3
 Summon Ice Beast         Ice/Summ       0%         N/A       95%         3
 Animate Armour           Summ/Erth      0%         N/A       100%        4
 Irradiate                Conj/Alch      0%         3d11      100%        5
 Sculpt Simulacrum        Ice/Alch       0%         N/A       100%        6
 Ignition                 Fire           1%         3d3       100%        8
 Lehudib's Crystal Spear  Conj/Erth      0%         10d2      100%        8


Dungeon Overview and Level Annotations

Branches:
Dungeon (8/15)             Temple (1/1) D:6            Lair (0/5) D:8

Altars:
Ashenzari
Cheibriados
Fedhas
Gozag
Kikubaaqudgha
Makhleb
Nemelex Xobeh
Okawaru
Qazlal
Ru
Sif Muna
Trog
Uskayaw
Vehumet
Xom
Yredelemnul
Lugonu

Shops:
D:2 !(   D:5 [

Annotations:
D:3 1 runed translucent door, Crazy Yiuf
D:4 3 runed translucent doors, koorschki's ghost, novice DsSh


Innate Abilities, Weirdness & Mutations

You are mostly covered in sharp spines.
When hurt, damage is shared between your health and your magic reserves.
You regenerate magic rapidly.
When low on magic, you restore magic in place of health.
Your movements are slightly less encumbered by armour. (ER -2)


Message History

The centaur is struck by your spines.
The centaur hits you but does no damage.
The centaur misses you. The bullfrog completely misses you.
The hornet stings you.
You are more poisoned.
You feel as though you will be slow longer.
The centaur is struck by your spines.
You kill the centaur!
The bullfrog is struck by your spines. The bullfrog hits you.
The orc warrior is struck by your spines.
The orc warrior completely misses you. The hornet closely misses you.
The bullfrog is struck by your spines.
You kill the bullfrog!
The orc warrior is struck by your spines.
The orc warrior closely misses you. The hornet barely misses you.
You hit the orc warrior.
The orc warrior is moderately wounded.
You hit the hornet but do no damage.
You feel very sick. The hornet stings you!
You are more poisoned.
You feel as though you will be slow longer.
The orc warrior hits you with a +0 hand axe!
* * * LOW HITPOINT WARNING * * *
The hornet is struck by your spines. The hornet stings you!
* * * LOW HITPOINT WARNING * * *
You suddenly lose the ability to move!
The orc warrior hits you with a +0 hand axe.
* * * LOW HITPOINT WARNING * * *
* * * LOW HITPOINT WARNING * * *
You feel very sick. The hornet stings you!
* * * LOW HITPOINT WARNING * * *
You feel as though you will be slow longer.
The hornet stings you.
* * * LOW HITPOINT WARNING * * *
You shrug off the repeated paralysis!
The orc warrior hits you with a +0 hand axe.
You die...
Your body crumbles into a pile of gold.

#.............##
#.#.#
#.......<.....#
#.#.#
#.............#
#.#.
##########.##.#
#.# #....# #.
#########..#
#..........#
#......o...#
#.....$@$..#
#.......y..#
#..........#
###.#####..#
#..# #..# #.##
#..# #.# #..#
##.# #..# #..#
#..#


You could see a hornet and an orc warrior.

Vanquished Creatures
  A two-headed ogre (D:8)
  A cyclops (D:8)
  2 wyverns
  A steam dragon (D:8)
  A water moccasin (D:5)
  An orc warrior (D:8)
  An ice beast (D:8)
  2 sky beasts
  2 black bears
  2 centaurs
  A kobold brigand (D:5)
  4 phantoms
  A gnoll sergeant (D:8)
  3 bullfrogs (D:8)
  4 scorpions
  6 wights (D:8)
  5 killer bees
  6 howler monkeys
  3 jellies
  An electric eel (D:6)
  2 bombardier beetles
  4 orc priests
  4 hounds
  5 sleepcaps
  A gnoll bouda (D:7)
  Ijyb (D:3)
  2 iguanas
  9 orc wizards
  9 gnolls
  5 adders
  2 shadow imps
  3 white imps
  4 ufetubi
  2 dart slugs
  A ribbon worm (D:2)
  32 orcs
  4 endoplasms
  4 giant cockroaches
  5 hobgoblins
  8 jackals
  2 quokkas (D:2)
  8 ball pythons
  9 bats
  4 frilled lizards
  7 goblins
  8 kobolds
  7 rats
200 creatures vanquished.

Vanquished Creatures (others)
  An orc (D:6)
1 creature vanquished.

Grand Total: 201 creatures vanquished

Notes
Turn   | Place    | Note
-------+----------+-------------------------------------------
     0 | D:1      | Chiseanne the Demonspawn Wanderer began the quest for the
                  | Orb.
     0 | D:1      | Chiseanne set off with the following items: a +2 dagger, a
                  | curare-tipped dart, a +0 scale mail, a potion of
                  | lignification; and the following spell memorised: Foxfire;
                  | and the following spells available to memorise: Inner
                  | Flame.
     0 | D:1      | Reached XP level 1. HP: 13/13 MP: 2/2
    97 | D:1      | Gained mutation: You regenerate magic rapidly. [demonic
                  | ancestry]
    97 | D:1      | Reached XP level 2. HP: 18/20 MP: 3/3
   131 | D:1      | Reached skill level 1 in Fighting
   402 | D:1      | Reached skill level 1 in Dodging
  1182 | D:2      | Reached XP level 3. HP: 26/26 MP: 4/4
  1200 | D:2      | Found Zidi's Antique Weapon Boutique.
  1419 | D:2      | Found a basalt altar of Yredelemnul.
  1639 | D:2      | Found Hacsules's Distillery.
  1753 | D:2      | Reached skill level 5 in Armour
  1753 | D:2      | Gained mutation: When hurt, damage is shared between your
                  | health and your magic reserves. [demonic ancestry]
  1753 | D:2      | Reached XP level 4. HP: 33/33 MP: 5/5
  2028 | D:3      | Noticed Ijyb
  2236 | D:3      | Found a faded altar of an unknown god.
  2280 | D:3      | Found a broken altar of Ashenzari.
  2429 | D:3      | Paralysed by Ijyb for 3 turns
  2440 | D:3      | Paralysed by Ijyb for 5 turns
  2449 | D:3      | Paralysed by Ijyb for 2 turns
  2456 | D:3      | Paralysed by Ijyb for 3 turns
  2464 | D:3      | Killed Ijyb
  2704 | D:3      | Found a sparkling altar of Nemelex Xobeh.
  2832 | D:3      | Found a runed translucent door.
  2833 | D:3      | Noticed Crazy Yiuf
  2857 | D:3      | Gained mutation: You are partially covered in sharp spines.
                  | [demonic ancestry]
  2857 | D:3      | Reached XP level 5. HP: 39/39 MP: 6/6
  3188 | D:4      | Found a runed translucent gate.
  3188 | D:4      | Found a runed translucent gate.
  3188 | D:4      | Found a runed translucent gate.
  3190 | D:4      | Noticed koorschki's ghost (novice DsSh)
  3238 | D:4      | Noticed a phantom
  3256 | D:4      | Killed a phantom
  3304 | D:4      | Noticed a phantom
  3317 | D:4      | Killed a phantom
  3318 | D:4      | Gained mutation: You are mostly covered in sharp spines.
                  | [demonic ancestry]
  3318 | D:4      | Reached XP level 6. HP: 43/47 MP: 4/7
  3425 | D:4      | Found a hide-covered altar of Uskayaw.
  3580 | D:4      | Reached skill level 6 in Armour
  3580 | D:4      | Reached XP level 7. HP: 51/54 MP: 5/8
  3779 | D:5      | Entered Level 5 of the Dungeon
  4011 | D:5      | Found Suw Wats's Antique Armour Shoppe.
  4360 | D:5      | Reached skill level 5 in Fighting
  4556 | D:6      | Gained mutation: Your movements are slightly less
                  | encumbered by armour. (ER -2) [demonic ancestry]
  4556 | D:6      | Reached XP level 8. HP: 45/62 MP: 9/9
  4679 | D:6      | Found a staircase to the Ecumenical Temple.
  4775 | D:6      | Reached skill level 7 in Armour
  4775 | D:6      | Reached skill level 5 in Dodging
  4962 | D:6      | Found a burning altar of Makhleb.
  4974 | D:6      | Found a blossoming altar of Fedhas.
  5722 | Temple   | Entered the Ecumenical Temple
  5735 | Temple   | Became a worshipper of Gozag Ym Sagoz the Greedy
  5866 | D:7      | Gained mutation: When low on magic, you restore magic in
                  | place of health. [demonic ancestry]
  5866 | D:7      | Reached XP level 9. HP: 71/71 MP: 10/10
  6279 | D:7      | Reached skill level 8 in Armour
  7095 | D:8      | Noticed a two-headed ogre
  7239 | D:8      | Identified the +2 chain mail "Ojyob" {^Contam rC+ Dex+5
                  | Stlth+}
  7261 | D:8      | Killed a two-headed ogre
  7262 | D:8      | Reached skill level 9 in Armour
  7262 | D:8      | Reached XP level 10. HP: 62/82 MP: 11/11
  7509 | D:8      | Noticed a cyclops
  7521 | D:8      | Killed a cyclops
  7725 | D:8      | Found a staircase to the Lair.
  7788 | D:8      | Found a sacrificial altar of Ru.
  8050 | D:8      | Paralysed by a hornet for 3 turns
  8051 | D:8      | HP: 2/82 [hornet (7)]
  8051 | D:8      | Slain by an orc warrior

Illustrated notes

Levels and vault maps discovered:
D:1:      erik_arrival_cave_to_civilisation [erik_arrival_cave_to_hall],
          layout_basic
D:2:      layout_basic, serial_shops, shop,
          nicolae_shop_temple_entry_statues_fountains, basic_altar
D:3:      layout_loops_ring, nicolae_ashenzari_panopticon,
          nemelex_diamond_rough_becter, hellmonk_ecumenical_altar_arch_garden,
          uniq_crazy_yiuf_cottage, uniq_ijyb
D:4:      layout_basic, mainiacjoe_overflow_catwalk, gammafunk_ghost_split
D:5:      layout_basic, serial_shops, shop
D:6:      layout_loops_ring, minitemple, minmay_temple_entry_mini_moons,
          serial_bayou, serial_bayou_pond_c, serial_bayou_pond_b,
          serial_bayou_crossing, serial_bayou_ford_a
D:7:      layout_gridville, hangedman_abyss_or_decor_stagger
D:8:      minmay_imperfect_grid, layout_rooms, nicolae_ru_awakened_eye
Temple:   kb_corrupted_temple

Skill      XL: |  1  2  3  4  5  6  7  8  9 10 |
---------------+-------------------------------+-----
Fighting       | 1 2 3 4 5 6 8 |  8.9
Dodging        | 1 2 3 4 6 7 8 |  8.0
Armour         | 5 6 7 9 |  9.3
Throwing       | |  1.7
Stealth        | |  1.0
Spellcasting   | |  1.0
Fire Magic     | |  1.0

Action                     |  1- 3 |  4- 6 |  7- 9 | 10-12 || total
---------------------------+-------+-------+-------+-------++-------
  Melee: Dagger            |   170 |   195 |   289 |       ||   654
         Punch             |     2 |     1 |       |       ||     3
         Hand axe          |       |       |    52 |    37 ||    89
  Throw: Dart              |       |       |     2 |     1 ||     3
  Evoke: Wand              |       |       |     2 |       ||     2
    Use: Scroll            |     3 |       |    10 |       ||    13
 Armour: Scale mail        |   140 |   103 |   185 |    11 ||   439
         Chain mail        |       |       |       |    26 ||    26
  Dodge: Dodged            |   107 |   112 |   314 |    44 ||   577
